 Dungeon Crawl Stone Soup version 0.26-a0-1139-g7d2dc893a1 (webtiles) character file.

Game seed: 1292452001332080565

98 Dracia the Covered (level 4, -9/35 HPs)
             Began as a Demonspawn Wanderer on Dec 22, 2020.
             Killed by divine providence
             ... invoked by an orc priest
              (14 damage)
             ... on level 2 of the Dungeon.
             The game lasted 00:01:59 (1375 turns).

Dracia the Covered (Demonspawn Wanderer)            Turns: 1375, Time: 00:02:00

Health: -9/35      AC:  5    Str: 15    XL:     4   Next: 43%
Magic:  4/4        EV: 11    Int: 11    God:
Gold:   72         SH:  0    Dex: 13    Spells: 3/3 levels left

rFire    . . .     SeeInvis .   m - +2 dagger (venom)
rCold    . . .     Faith    .   (no shield)
rNeg     . . .     Spirit   .   b - +0 ring mail
rPois    .         Reflect  .   (no helmet)
rElec    .         Harm     .   (no cloak)
rCorr    .         Rampage  .   (no gloves)
Will     .....                  (no boots)
Stlth    +.........             (no amulet)
HPRegen  0.11/turn              (no ring)
MPRegen  0.09/turn              (no ring)

@: no status effects
A: hooves 1, spiny 1
a: no special abilities


You were on level 2 of the Dungeon.
You visited 1 branch of the dungeon, and saw 2 of its levels.

You collected 72 gold pieces.


Innate Abilities, Weirdness & Mutations

You have large cloven feet.
You are partially covered in sharp spines.


   Skills:
 - Level 3.0 Fighting
 - Level 1.0 Maces & Flails
 - Level 1.0 Throwing
 + Level 3.2 Armour
 + Level 2.5 Dodging
 - Level 1.7 Stealth
 - Level 1.0 Shields


You had 3 spell levels left.
You didn't know any spells.
Your spell library was empty.

Inventory:

Hand Weapons
 a - a +2 mace
 d - a +0 dagger
 m - a +2 dagger of venom (weapon)
Missiles
 e - a throwing net {=f=f}
Armour
 b - a +0 ring mail (worn)
Scrolls
 g - 3 scrolls of identify {@r1@r1}
 i - a scroll of remove curse {unknown}
 k - 3 scrolls of teleportation {unknown}
 n - a scroll of blinking
Potions
 c - a potion of lignification
 f - a potion of brilliance {unknown}
 h - a potion of flight {unknown}
 j - a potion of attraction {unknown}
 l - a potion of resistance {unknown}

Dungeon Overview and Level Annotations

Branches:
Dungeon (2/15)

Altars:
Yredelemnul

**,**#,* *.##.#..#
,,,***,* #.*#.##.#
*****,,* *,*#..#.#
****,,** *,**#.#.#
,,,,,** #,* #...###
*******###.* ##..(.#
**,,,,##...#* ##.#.#
**,,,,......####(#.####
*,,,,,.........(@.....#
,,,,,,....og.o........#
,,,,,,.......o#w.....##
,,,,,,.....o.....##...#
,,,,,,...w......##*#..#*
,,,,,,...........#**#..#
*,,,,,............#**#.#*
,,,,,,..............,,..*
,*****##>.........###****


You could see a worm, 2 orc priests, a dart slug, 2 orcs and a hobgoblin.


Message History

You hit the kobold. You kick the kobold.
You kill the kobold!
An orc comes into view. It is wielding a +0 hand axe.
The orc shouts!
You hit the orc.
The orc is moderately wounded.
You hear a shout!
An orc priest comes into view. It is wielding a +0 flail.
The orc is struck by your spines. The orc barely misses you.
An orc comes into view. It is wielding a +0 short sword.
An orc priest comes into view. It is wielding a +0 hand axe.
You hit the orc.
The orc is poisoned.
You kick the orc.
You kill the orc!
A hobgoblin and a dart slug come into view.
The hobgoblin shouts!
The dart slug launches a dart at you. The slug dart hits you.
Found 9 gold pieces.
You see here a kobold corpse.
The orc priest miscasts a cantrip.
The orc priest looks braver for a moment.
You see here a +0 dagger.
The orc priest invokes the aid of Beogh against you.
Pain shoots through your body!
The orc priest mumbles some strange prayers to Beogh against you.
Beogh smites you!
* * * LOW HITPOINT WARNING * * *
The orc priest mumbles some strange prayers to Beogh against you.
Beogh smites you!
You die...

Skill      XL: |  1  2  3 |
---------------+----------+-----
Armour         | 2 3 |  3.2
Dodging        | 1 2 |  2.5
Fighting       | |  3.0
Maces & Flails | |  1.0
Throwing       | |  1.0
Stealth        | |  1.7
Shields        | |  1.0

Action                   |  1- 3 |  4- 6 || total
-------------------------+-------+-------++-------
Melee: Mace              |    40 |       ||    40
       Dagger            |    32 |     7 ||    39
       Kick              |       |     3 ||     3
  Use: Scroll            |     4 |       ||     4
 Stab: Sleeping          |     1 |       ||     1
Armor: Ring mail         |    29 |     1 ||    30
Dodge: Dodged            |    62 |     7 ||    69

Levels and vault maps discovered:
D:1:      shiori_arrival_whats_in_store_for_you, layout_basic
D:2:      layout_rooms, hex_tiny, minmay_hexomino_r4

Notes
Turn   | Place    | Note
-------+----------+-------------------------------------------
     0 | D:1      | Dracia the Demonspawn Wanderer began the quest for the Orb.
     0 | D:1      | Dracia set off with the following items: a +2 mace, a +0
                  | ring mail, a potion of lignification, a +0 dagger
     0 | D:1      | Reached XP level 1. HP: 18/18 MP: 1/1
     0 | D:1      | Noticed a shadow dragon
     0 | D:1      | Noticed a large abomination
     0 | D:1      | Noticed a green draconian
     2 | D:1      | Noticed a white draconian
     5 | D:1      | Noticed an iron dragon
     6 | D:1      | Noticed an orb of fire
     7 | D:1      | Noticed a shadow dragon
     9 | D:1      | Noticed a shadow dragon
    11 | D:1      | Noticed a large abomination
    13 | D:1      | Noticed a tentacled monstrosity
    15 | D:1      | Noticed a large abomination
    17 | D:1      | Noticed a red draconian
    17 | D:1      | Noticed a golden dragon
    19 | D:1      | Noticed an iron dragon
    21 | D:1      | Noticed an orb of fire
   108 | D:1      | Reached skill level 2 in Armour
   132 | D:1      | Reached skill level 1 in Dodging
   132 | D:1      | Gained mutation: You are partially covered in sharp spines.
                  | [demonic ancestry]
   132 | D:1      | Reached XP level 2. HP: 15/24 MP: 2/2
   761 | D:2      | Reached XP level 3. HP: 29/29 MP: 3/3
   833 | D:2      | Reached skill level 2 in Dodging
   894 | D:2      | Reached skill level 3 in Armour
   973 | D:2      | Gained mutation: You have large cloven feet. [demonic
                  | ancestry]
   973 | D:2      | Reached XP level 4. HP: 7/35 MP: 4/4
  1235 | D:2      | Found a basalt altar of Yredelemnul.
  1375 | D:2      | Killed from afar by an orc priest

Vanquished Creatures
  A gnoll (D:2)
  4 adders (D:2)
  2 worms (D:2)
  3 dart slugs (D:1)
  A leopard gecko (D:2)
  An orc (D:2)
  A ball python (D:1)
  3 bats
  3 goblins
  5 hobgoblins
  7 jackals
  3 kobolds
  2 rats (D:1)
36 creatures vanquished.

Table legend: (Time is in decaauts)
 A = Elapsed time spent in this place.
 B = Non-inter-level travel time spent in this place.
 C = Inter-level travel time spent in this place.
 D = Time resting spent in this place.
 E = Time spent auto-exploring this place.
 F = Levels seen in this place.
 G = Mean time per level.
                   A        B        C        D        E       F      G
               +--------+--------+--------+--------+--------+-----+--------+
         Total |   1387 |   1365 |     22 |     45 |   1066 |   2 |  693.5 |
       Dungeon |   1387 |   1365 |     22 |     45 |   1066 |   2 |  693.5 |
               +--------+--------+--------+--------+--------+-----+--------+

Top non-repeatable levels by time:
     D:1: 750 daAuts
     D:2: 637 daAuts

Table legend:
 A = Non-vault XP
 B = Vault XP
 C = Vault XP percentage of total XP
 D = Non-vault monster count
 E = Vault monster count
 F = Vault count percentage of total count
                 A         B        C        D         E       F
            +---------+---------+-------+---------+---------+-------
      Total |     120 |      20 |  14.3 |      34 |       2 |   5.6
            +---------+---------+-------+---------+---------+-------
        D:1 |      39 |       0 |   0.0 |      18 |       0 |   0.0
        D:2 |      81 |      20 |  19.8 |      16 |       2 |  11.1
            +---------+---------+-------+---------+---------+-------
